 Dungeon Crawl Stone Soup version 0.23.0-38-g208d714 (webtiles) character file.

Game seed: 15868679533400539878

3 MalarOregon the Magician (level 1, -1/14 HPs)
             Began as a Merfolk Wizard on Feb 27, 2019.
             Killed from afar by a dart slug (8 damage)
             ... with a slug dart
             ... on level 1 of the Dungeon.
             The game lasted 00:01:01 (103 turns).

MalarOregon the Magician (Merfolk Wizard)            Turns: 103, Time: 00:01:02

Health: -1/14      AC:  2    Str:  7    XL:     1   Next: 50%
Magic:  4/4        EV: 13    Int: 17    God:
Gold:   0          SH:  0    Dex: 12    Spells: 5/6 levels left

rFire    . . .     SeeInvis .   (no weapon)
rCold    . . .     Gourm    .   (no shield)
rNeg     . . .     Faith    .   a - +0 robe
rPois    .         Spirit   .   b - +0 hat
rElec    .         Reflect  .   (no cloak)
rCorr    .         Harm     .   (no gloves)
MR       .....                  (no boots)
Stlth    ++........             (no amulet)
HPRegen  0.04/turn              (no ring)
MPRegen  0.09/turn              (no ring)

@: no status effects
A: change form in water, swift swim, stealthy swim
a: no special abilities


You were on level 1 of the Dungeon.
You were not hungry.

You visited 1 branch of the dungeon, and saw 1 of its levels.

Inventory:

Armour
 a - a +0 robe (worn)
 b - a +0 hat (worn)
Comestibles
 c - a chunk of flesh
 e - a ration {!d}


   Skills:
 + Level 0.4 Fighting
 + Level 2.8 Dodging
 - Level 2.1 Stealth
 - Level 3.0 Spellcasting
 + Level 0.9 Conjurations
   Level 1.0 Summonings
   Level 0.7 Translocations


You had 5 spell levels left.
You knew the following spells:

 Your Spells              Type           Power        Failure   Level  Hunger
a - Magic Dart            Conj           #...         12%         1    None

Your spell library contained the following spells:

 Spells                   Type           Power        Failure   Level  Hunger
 Call Imp                 Summ           #.......     17%         2    ##.....
 Blink                    Tloc           N/A          21%         2    ##.....
 Slow                     Hex            #.......     26%         2    ##.....
 Conjure Flame            Conj/Fire      #.......     41%         3    ###....
 Mephitic Cloud           Conj/Pois/Air  #.......     43%         3    ###....


Dungeon Overview and Level Annotations

Branches:
Dungeon (1/15)

Altars:


Message History

The magic dart hits the kobold.
The kobold barely misses you.
You barely miss the kobold. The kobold misses you.
You closely miss the kobold. The kobold hits you.
You hit the kobold but do no damage. The kobold barely misses you.
You closely miss the kobold. The kobold closely misses you.
You hit the kobold.
You kill the kobold!
Unknown command.
You can't see any susceptible monsters within range! (Use Z to cast anyway.) Unknown command.
A gnoll comes into view. It is wielding a +0 club.
The gnoll shouts!
You hear a shout!
You see here a scroll labeled HOANASCHICI.
Aim: a gnoll, wielding a +0 club The magic dart hits the gnoll.
A hobgoblin comes into view. It is wielding a +0 club.
You see here a bat skeleton.
Aim: a gnoll, wielding a +0 club (lightly wounded)
The magic dart hits the gnoll.
A kobold comes into view. It is wielding a +0 club.
The gnoll hits you with a +0 club!
Ouch! That really hurt!
* * * LOW HITPOINT WARNING * * *
The kobold shouts!
A giant cockroach comes into view.
The kobold hits you but does no damage.
Found 22 arrows.
Found a chain mail.
The kobold misses you.
The giant cockroach bites you but does no damage.
The gnoll completely misses you.
Found a stone staircase leading down.
You see here 22 arrows.
The giant cockroach bites you.
* * * LOW HITPOINT WARNING * * *
The giant cockroach bites you but does no damage.
Found a glowing cloak.
Found a notched sapphire ring.
Found a stone staircase leading down.
The giant cockroach bites you but does no damage.
A frilled lizard comes into view.
The frilled lizard hisses angrily.
A dart slug comes into view.
The giant cockroach closely misses you. The dart slug launches a dart at you.
The slug dart misses you.
Found a dagger.
The dart slug launches a dart at you. The slug dart hits you!
Ouch! That really hurt!
You die...

...........# #.........
.........>.+ #####.
......#..=.# #####.
......#.#### #...#.
......Kg# +.###.<.#.
....l##l# #..'.(.#.
.w...#..# ####...#.
...#...s############...#.
.#..#...@.(..............
## #.#(.....[...........
#.........#####...##.
#..........รท.....####
.............######
##..........###
.#)....#..?#
#.#................
..###....######


You could see a gnoll, a dart slug, a giant cockroach, a kobold and a frilled
lizard.

Vanquished Creatures
  A goblin (D:1)
  A kobold (D:1)
  A bat (D:1)
3 creatures vanquished.

Notes
Turn   | Place    | Note
-------+----------+-------------------------------------------
     0 | D:1      | MalarOregon the Merfolk Wizard began the quest for the Orb.
     0 | D:1      | Reached XP level 1. HP: 13/13 MP: 4/4
   103 | D:1      | Killed from afar by a dart slug

Action                   || total
-------------------------++-------
Melee: Unarmed           ||     5
 Cast: Magic Dart        ||     8
Armor: Robe              ||     3
Dodge: Dodged            ||     9
